 Dungeon Crawl Stone Soup version 0.21.1-1-g345015f (webtiles) character file.

53243 xccam the Shatterer (level 14, -3/96 HPs)
             Began as a Minotaur Berserker on Feb 10, 2018.
             Was a High Priest of Trog.
             Slain by a two-headed ogre
             ... wielding a +0 giant club
              (14 damage)
             ... on level 13 of the Dungeon.
             The game lasted 00:53:50 (15416 turns).

xccam the Shatterer (Minotaur Berserker)           Turns: 15416, Time: 00:53:51

Health: -3/96      AC: 22    Str: 31    XL:     14   Next: 30%
Magic:  0/13       EV:  9    Int:  4    God:    Trog [*****.]
Gold:   1061       SH:  0    Dex: 10    Spells: 13/13 levels left

rFire    . . .     SeeInvis .   D - +9 great mace (freeze)
rCold    . . .     Gourm    .   (shield currently unavailable)
rNeg     . . .     Faith    .   l - +1 plate armour
rPois    +         Spirit   +   M - +1 hat of Intuition {Str+4}
rElec    .         Reflect  .   N - scarf {Spirit}
rCorr    .         Harm     .   (no gloves)
MR       +++..                  H - +0 pair of boots
Stlth    ..........             G - amulet of regeneration
HPRegen  1.66/turn              p - +3 ring of slaying
MPRegen  0.13/turn              K - ring of poison resistance

@: confused, berserk cooldown, regenerating, slowed, invisible, very slow
A: retaliatory headbutt, horns 2, slimy green scales 1, frail 1
a: Berserk, Trog's Hand, Brothers in Arms, Burn Spellbooks, Renounce Religion


You were on level 13 of the Dungeon.
You worshipped Trog.
Trog was extremely pleased with you.
You were hungry.

You visited 2 branches of the dungeon, and saw 19 of its levels.
You also visited: Sewer and Ossuary.

You collected 1061 gold pieces.

Inventory:

Hand Weapons
 m - the +10 dark maul {crush}
   (You found it on level 8 of the Dungeon)

   It inflicts extra damage upon your enemies.
 D - a +9 great mace of freezing (weapon)
 R - a +1 antimagic dire flail
Armour
 l - a +1 plate armour (worn)
 B - a +0 cloak
 H - a +0 pair of boots (worn)
 M - the +1 hat of Intuition (worn) {Str+4}
   (You found it on level 12 of the Dungeon)

   It affects your strength (+4).
 N - a scarf of spirit shield (worn)
Jewellery
 a - an uncursed ring of fire
 p - a +3 ring of slaying (left hand)
 u - an uncursed amulet of faith
 v - a +2 ring of dexterity
 y - an uncursed ring of fire
 E - an uncursed amulet of guardian spirit
 G - an amulet of regeneration (around neck)
 I - an uncursed ring of resist corrosion
 K - a ring of poison resistance (right hand)
 O - an uncursed ring of fire
 Q - the amulet of Fragile Peace {+Rage +Fly}
   (You found it on level 5 of the Lair of Beasts)

   [amulet of rage]

   It lets you fly.
   It lets you go berserk.
Wands
 t - a wand of iceblast (12)
 A - a wand of flame (21)
 C - a wand of acid (17)
 J - a wand of random effects (40)
 P - a wand of disintegration (9)
Scrolls
 b - 6 scrolls of remove curse
 g - 16 scrolls of identify
 i - 10 scrolls of teleportation
 k - 4 scrolls of blinking
 r - 4 scrolls of fear
 x - 7 scrolls of enchant armour
 F - 7 scrolls of fog
Potions
 d - 5 potions of agility
 f - 7 potions of might
 j - 5 potions of flight
 n - 8 potions of curing
 o - a potion of magic
 q - 9 potions of haste
 s - a potion of ambrosia
 w - 2 potions of berserk rage
 z - a potion of resistance
 L - a potion of invisibility
Comestibles
 c - 39 rations
 h - a chunk of flesh


   Skills:
 + Level 5.3 Fighting
 + Level 22.8 Maces & Flails
 * Level 14.9 Armour
 - Level 3.0 Dodging


You had 13 spell levels left.
You didn't know any spells.

Dungeon Overview and Level Annotations

Branches:
Dungeon (13/15)            Temple (0/1) D:5            Lair (6/6) D:10
 Shoals (0/4) Lair:4        Snake (0/4) Lair:4        Slime (0/5) Lair:6
    Orc (0/2) D:9
 Vaults: D:13-14

Altars:
Elyvilon
Fedhas
Hepliaklqana
Makhleb
Okawaru
Jiyva


Innate Abilities, Weirdness & Mutations

You reflexively headbutt those who attack you in melee.
You have a pair of horns on your head.
You are partially covered in slimy green scales. (AC +2)
You are frail. (-10% HP)


Message History

The bolt of lightning hits you!
* * * LOW HITPOINT WARNING * * *
The bolt of lightning misses you.
The bolt of lightning hits the tengu conjurer.
The tengu conjurer dies!
The battlesphere dissipates.
The tarantella closely misses you.
Okay, then.
You're too confused!
You feel much better. The tarantella bites you.
* * * LOW HITPOINT WARNING * * *
Two slime creatures merge to form a large slime creature.
A slime creature suddenly becomes a very large slime creature.
The two-headed ogre barely misses you.
The two-headed ogre hits you but does no damage.
The tarantella bites you but does no damage.
You fade into invisibility!
The tarantella bites you!
* * * LOW HITPOINT WARNING * * *
The two-headed ogre hits you with a giant club!
You die...

##....##..........#.......
..###.##.....................
#......##......#..........#.
#.............(#.......
.....##........#.......
............##.........
###...#....ยง..Z........
#####.##..*QOJ.......
#####..@sJ.......
#..##J....... #.$##....##..
....###..## ...... ....
#..#..## .###. ###...# #. ..
...# # . .###


You could see a very large slime creature, 2 slime creatures, a two-headed ogre,
a tengu conjurer, a tarantella shaped shifter, a battlesphere and a bullfrog
skeleton.

Vanquished Creatures
  9 hydras
  A catoblepas (Lair:6)
  5 two-headed ogres
  9 death yaks
  A deep troll shaman (Lair:6)
  The ghost of Phong the Destroyer, a novice HuWz of Sif Muna (D:8)
  Sonja (Lair:4)
  3 unseen horrors
  A wolf spider zombie (D:11)
  2 cyclopes
  7 elephants
  A molten gargoyle (Lair:2)
  4 black mambas
  The ghost of rlgrobin the Shield-Bearer, a novice FoFi (D:6)
  7 spiny frogs
  2 efreet (D:13)
  2 gargoyles
  A rime drake (Lair:6)
  4 komodo dragons
  A queen bee (Lair:1)
  4 trolls
  2 polar bears
  20 blink frogs
  2 hornets (D:8)
  10 hippogriffs
  3 wyverns
  A wraith (Ossuary)
  23 yaks
  Menkaure (D:7)
  4 wargs (D:9)
  6 nagas (Lair:4)
  3 soldier ants
  14 water moccasins
  8 porcupines
  Duvessa (D:4)
  3 sky beasts
  4 necrophages (D:7)
  6 ice beasts
  A phantom (D:6)
  2 black bears
  3 orc warriors
  3 ogres
  An eye of draining (D:13)
  11 centaurs
  12 wolves (Lair:6)
  11 crocodiles
  Blork the orc (D:5)
  A big kobold (D:6)
  2 elf zombies (Ossuary)
  14 bullfrogs
  Dowan (D:4)
  2 scorpions
  29 killer bees
  3 wights (D:6)
  2 howler monkeys (D:10)
  4 electric eels (Lair:5)
  2 centaur zombies
  6 bullfrog zombies
  4 crimson imps
  A centaur skeleton (D:12)
  3 orc priests
  7 hounds
  3 jellies
  2 quasits
  An iguana (D:5)
  12 orc wizards
  Ijyb (D:5)
  Natasha (D:4)
  12 worker ants
  A hound zombie (D:9)
  3 mummies (Ossuary)
  2 worker ant zombies (D:7)
  2 howler monkey skeletons
  10 adders
  A river rat (Sewer)
  6 shadow imps
  4 oozes
  2 adder skeletons
  2 adder zombies (D:7)
  3 worms
  3 dart slugs
  9 leopard geckos
  39 orcs
  A ball python (Sewer)
  7 giant cockroaches
  5 goblins
  11 hobgoblins
  24 jackals
  11 kobolds
  4 quokkas
  8 bats
  2 frilled lizards
  A gnoll zombie (Ossuary)
  4 goblin zombies (Ossuary)
  2 hobgoblin zombies (Ossuary)
  A jackal zombie (D:7)
  5 kobold zombies (Ossuary)
  2 leopard gecko skeletons
  10 rats
  A bush (D:7)
  A plant (D:7)
523 creatures vanquished.

Vanquished Creatures (others)
  A tengu conjurer (D:13)
  7 fungi
  7 plants
15 creatures vanquished.

Grand Total: 538 creatures vanquished

Notes
Turn   | Place    | Note
-------+----------+-------------------------------------------
     0 | D:1      | xccam the Minotaur Berserker began the quest for the Orb.
     0 | D:1      | Reached XP level 1. HP: 19/19 MP: 0/0
   112 | D:1      | Reached skill level 4 in Maces & Flails
   188 | D:1      | Reached XP level 2. HP: 26/26 MP: 1/1
   255 | D:1      | Found a hazy altar of Hepliaklqana.
   579 | D:1      | Reached XP level 3. HP: 24/31 MP: 2/2
   606 | D:1      | You fall through a shaft!
   618 | D:2      | Reached ** piety under Trog
   862 | D:2      | Gained mutation: You are surrounded by a mild repulsion field. (EV +2) [potion of mutation]
   862 | D:2      | Gained mutation: You are partially covered in thin metallic scales. (AC +2) [potion of mutation]
   947 | D:2      | Reached skill level 5 in Maces & Flails
  1415 | D:2      | Reached XP level 4. HP: 39/39 MP: 3/3
  1550 | D:3      | Reached skill level 6 in Maces & Flails
  1619 | D:3      | Reached XP level 5. HP: 37/45 MP: 4/4
  1698 | D:3      | Reached *** piety under Trog
  1891 | D:3      | You fall through a shaft for 3 floors!
  1897 | D:6      | Noticed an ogre
  1900 | D:6      | Killed an ogre
  1900 | D:6      | Reached skill level 7 in Maces & Flails
  1900 | D:6      | Reached XP level 6. HP: 50/51 MP: 5/5
  1955 | D:6      | Noticed a sky beast
  1960 | D:6      | Reached skill level 8 in Maces & Flails
  1970 | D:6      | Killed a sky beast
  1970 | D:6      | Reached XP level 7. HP: 55/57 MP: 6/6
  1973 | D:6      | Reached skill level 9 in Maces & Flails
  2083 | D:6      | Noticed rlgrobin's ghost (novice FoFi)
  2091 | D:6      | Killed rlgrobin's ghost
  2091 | D:6      | Reached skill level 10 in Maces & Flails
  2091 | D:6      | Reached skill level 5 in Armour
  2102 | D:6      | Reached XP level 8. HP: 61/64 MP: 7/7
  2180 | D:6      | Found a glowing drain.
  2346 | Sewer    | Entered a sewer
  2724 | D:6      | Reached skill level 11 in Maces & Flails
  3020 | D:5      | Entered Level 5 of the Dungeon
  3266 | D:5      | Reached **** piety under Trog
  3288 | D:5      | Found a staircase to the Ecumenical Temple.
  3288 | D:5      | Noticed Blork the orc
  3298 | D:5      | Killed Blork the orc
  3468 | D:5      | Noticed Ijyb
  3474 | D:5      | Killed Ijyb
  3643 | D:4      | Noticed Duvessa
  3644 | D:4      | Noticed Dowan
  3647 | D:4      | Noticed Natasha
  3649 | D:4      | Killed Duvessa
  3649 | D:4      | Reached XP level 9. HP: 70/70 MP: 8/8
  3653 | D:4      | Killed Dowan
  3659 | D:4      | Killed Natasha
  3904 | D:4      | Reached skill level 12 in Maces & Flails
  4046 | D:4      | Found a sand-covered staircase.
  4056 | Ossuary  | Entered an ossuary
  5071 | D:7      | Noticed Menkaure
  5076 | D:7      | Killed Menkaure
  5112 | D:7      | Found a blossoming altar of Fedhas.
  5170 | D:7      | Reached ***** piety under Trog
  5205 | D:7      | Lost mutation: You are partially covered in thin metallic scales. (AC +2) [potion of mutation]
  5205 | D:7      | Lost mutation: You are surrounded by a mild repulsion field. (EV +2) [potion of mutation]
  5205 | D:7      | Gained mutation: Your body sometimes deteriorates upon taking damage. [potion of mutation]
  5205 | D:7      | Gained mutation: Your spells are a little harder to cast, but a little more powerful. [potion of mutation]
  5205 | D:7      | Gained mutation: You are resistant to electric shocks. (rElec) [potion of mutation]
  5206 | D:7      | Lost mutation: You are resistant to electric shocks. (rElec) [potion of mutation]
  5206 | D:7      | Lost mutation: Your body sometimes deteriorates upon taking damage. [potion of mutation]
  5206 | D:7      | Gained mutation: You occasionally shout uncontrollably at your foes. [potion of mutation]
  5206 | D:7      | Gained mutation: You can translocate small distances at will. [potion of mutation]
  5207 | D:7      | Lost mutation: You occasionally shout uncontrollably at your foes. [potion of mutation]
  5207 | D:7      | Lost mutation: You can translocate small distances at will. [potion of mutation]
  5207 | D:7      | Lost mutation: Your spells are a little harder to cast, but a little more powerful. [potion of mutation]
  5207 | D:7      | Gained mutation: You are frail. (-10% HP) [potion of mutation]
  5207 | D:7      | Gained mutation: You are partially covered in slimy green scales. (AC +2) [potion of mutation]
  5234 | D:7      | Reached skill level 10 in Armour
  5411 | D:7      | Reached skill level 13 in Maces & Flails
  5625 | D:7      | Reached XP level 10. HP: 68/68 MP: 9/9
  5659 | D:8      | Found the +10 dark maul {crush}
  5804 | D:8      | Paralysed by a hornet for 3 turns
  5809 | D:8      | Reached skill level 14 in Maces & Flails
  5925 | D:8      | Noticed a two-headed ogre
  5927 | D:8      | Noticed Phong's ghost (novice HuWz)
  5928 | D:8      | Killed a two-headed ogre
  5932 | D:8      | Found an iron altar of Okawaru.
  5934 | D:8      | Killed Phong's ghost
  5934 | D:8      | Reached skill level 15 in Maces & Flails
  6335 | D:9      | Found a burning altar of Makhleb.
  6382 | D:9      | Noticed a two-headed ogre
  6385 | D:9      | Killed a two-headed ogre
  6385 | D:9      | Received a gift from Trog
  6385 | D:9      | Reached skill level 16 in Maces & Flails
  6554 | D:9      | Reached XP level 11. HP: 63/72 MP: 10/10
  6637 | D:9      | Found a staircase to the Orcish Mines.
  6894 | D:10     | Entered Level 10 of the Dungeon
  6998 | D:10     | Found a staircase to the Lair.
  7018 | D:10     | Noticed a two-headed ogre
  7023 | D:10     | Killed a two-headed ogre
  7023 | D:10     | Reached skill level 17 in Maces & Flails
  7173 | D:10     | Found a white marble altar of Elyvilon.
  7240 | D:10     | Found a flagged portal.
  7270 | D:10     | Killed an unseen horror
  7764 | Lair:1   | Entered Level 1 of the Lair of Beasts
  7986 | Lair:1   | Reached skill level 18 in Maces & Flails
  8858 | Lair:2   | Reached skill level 19 in Maces & Flails
  8875 | Lair:2   | Noticed a death yak
  8876 | Lair:2   | Noticed a death yak
  8877 | Lair:2   | Noticed a death yak
  8879 | Lair:2   | Noticed a death yak
  8882 | Lair:2   | Killed a death yak
  8882 | Lair:2   | Reached XP level 12. HP: 58/81 MP: 11/11
  8886 | Lair:2   | Killed a death yak
  8889 | Lair:2   | Killed a death yak
  8893 | Lair:2   | Killed a death yak
  9010 | Lair:2   | Identified a scroll of acquirement
  9207 | Lair:2   | Noticed an eight-headed hydra
  9216 | Lair:2   | Killed an eight-headed hydra
  9216 | Lair:2   | Reached skill level 20 in Maces & Flails
  9232 | Lair:2   | Got a faintly humming leather armour
  9233 | Lair:2   | Identified the cursed +0 leather armour "Iqesm" {rC+ rN+ rCorr Dex-5} (You found it on level 2 of the Lair of Beasts)
  9776 | Lair:3   | Noticed a six-headed hydra
  9784 | Lair:3   | Killed a six-headed hydra
 10164 | Lair:3   | Received a gift from Trog
 10775 | Lair:4   | Reached skill level 21 in Maces & Flails
 10893 | Lair:4   | Found a staircase to the Snake Pit.
 10910 | Lair:4   | Found a staircase to the Shoals.
 10977 | Lair:4   | Reached XP level 13. HP: 85/85 MP: 12/12
 11359 | Lair:4   | Noticed Sonja
 11382 | Lair:4   | Killed Sonja
 12170 | Lair:5   | Got a bound platinum amulet
 12171 | Lair:5   | Identified the amulet of Fragile Peace {+Rage +Fly} (You found it on level 5 of the Lair of Beasts)
 12262 | Lair:5   | Reached skill level 22 in Maces & Flails
 12484 | Lair:6   | Entered Level 6 of the Lair of Beasts
 12917 | Lair:6   | Received a gift from Trog
 12991 | Lair:6   | Found a viscous altar of Jiyva.
 12992 | Lair:6   | Found a staircase to the Slime Pits.
 13015 | Lair:6   | Reached XP level 14. HP: 76/92 MP: 10/13
 14887 | D:12     | Got an ichor-stained hat
 14893 | D:12     | Identified the +1 hat of Intuition {Str+4} (You found it on level 12 of the Dungeon)
 14979 | D:12     | Reached skill level 5 in Fighting
 15224 | D:13     | Received a gift from Trog
 15414 | D:13     | HP: 2/96 [tengu conjurer/bolt of lightning (25)]
 15416 | D:13     | Slain by a two-headed ogre

Skill      XL: |  1  2  3  4  5  6  7  8  9 10 11 12 13 14 |
---------------+-------------------------------------------+-----
Maces & Flails | 4 5 6 7 8 10 11 13 16 19 21 22 | 22.8
Dodging        | 3 |  3.0
Armour         | 3 4 5 8 10 11 14 | 14.9
Fighting       | 5 |  5.3

Action                   |  1- 3 |  4- 6 |  7- 9 | 10-12 | 13-15 || total
-------------------------+-------+-------+-------+-------+-------++-------
Melee: Mace              |    92 |    14 |       |       |       ||   106
       Headbutt          |    12 |    13 |    73 |    63 |    89 ||   250
       Whip              |       |    62 |   346 |    36 |       ||   444
       Maul              |       |       |       |    97 |    30 ||   127
       Great mace        |       |       |       |   287 |   351 ||   638
Invok: Berserk           |       |     1 |     1 |     7 |     2 ||    11
       Trog's Hand       |       |     1 |     1 |     5 |     3 ||    10
       Burn Spellbooks   |       |       |       |     1 |     3 ||     4
Evoke: Wand              |       |       |       |     1 |     6 ||     7
  Use: Scroll            |     8 |     2 |     5 |    12 |    10 ||    37
       Potion            |     3 |     3 |    10 |     2 |     5 ||    23
 Stab: Petrified         |       |       |       |       |     5 ||     5
  Eat: Chunk             |     1 |     2 |     7 |    13 |     3 ||    26
       Ration            |       |       |     2 |     4 |     4 ||    10
Armor: Animal skin       |    13 |       |       |       |       ||    13
       Chain mail        |    16 |    10 |       |       |       ||    26
       Scale mail        |       |     8 |       |       |       ||     8
       Plate armour      |       |    15 |   106 |   366 |   335 ||   822
Dodge: Dodged            |    78 |    44 |    95 |   236 |   169 ||   622
